 Dungeon Crawl Stone Soup version 0.27-a0-887-gcab673c142 (webtiles) character file.

Game seed: 9418079940437747119

91 wakim the Shooter (level 4, -3/22 HPs)
             Began as a Spriggan Arcane Marksman on Apr 3, 2021.
             Was a Believer of Lugonu.
             Slain by Grinder (4 damage)
             ... while paralysed by Grinder
             ... on level 3 of the Dungeon.
             The game lasted 00:12:56 (3249 turns).

wakim the Shooter (Spriggan Arcane Marksman)        Turns: 3249, Time: 00:12:56

Health: -3/22      AC:  2    Str:  6    XL:     4   Next: 34%
Magic:  5/7        EV:  1    Int: 20    God:    Lugonu [**....]
Gold:   43         SH:  0    Dex: 16    Spells: 4/5 levels left

rFire    . . .     SeeInvis +   b - +0 hunting sling
rCold    . . .     Faith    .   (shield restricted)
rNeg     . . .     Spirit   .   e - +0 robe
rPois    .         Reflect  .   (helmet restricted)
rElec    .         Harm     .   (no cloak)
rCorr    .         Rampage  .   (gloves unavailable)
Will     .....                  (boots unavailable)
Stlth    ++........             (no amulet)
HPRegen  0.07/turn              h - +6 ring of intelligence
MPRegen  0.10/turn              (no ring)

@: paralysed, constricted, studying Polearms, very quick
A: very small, no large weapons, unfitting armour, see invisible, speed 3
a: Renounce Religion, Depart the Abyss, Bend Space


You were on level 3 of the Dungeon.
You worshipped Lugonu.
Lugonu was pleased with you.
You visited 1 branch of the dungeon, and saw 3 of its levels.

You collected 43 gold pieces.

Inventory:

Hand Weapons
 a - a +0 shortbow
 b - a +0 hunting sling (weapon)
 i - a +2 vampiric dagger
Missiles
 d - 11 arrows
 s - 72 stones (quivered ammo)
Armour
 e - a +0 robe (worn)
Jewellery
 h - a +6 ring of intelligence (left hand)
Scrolls
 f - a scroll of enchant armour {unknown}
Potions
 c - a potion of brilliance {unknown}
 j - a potion of flight {unknown}


   Skills:
 + Level 1.6 Fighting
 * Level 4.0 Bows
 + Level 3.6 Dodging
 + Level 2.6 Stealth
 - Level 1.3 Spellcasting
 - Level 3.6 Hexes


You had 4 spell levels left.
You knew the following spells:

 Your Spells              Type           Power      Damage    Failure   Level
a - Corona                Hex            16%        N/A       3%          1

Your spell library contained the following spells:

 Spells                   Type           Power      Damage    Failure   Level
 Slow                     Hex            15%        N/A       6%          2
 Animate Skeleton         Necr           2%         N/A       17%         1
 Apportation              Tloc           2%         N/A       17%         1
 Summon Small Mammal      Summ           4%         N/A       17%         1
 Inner Flame              Hex/Fire       8%         N/A       24%         3
 Portal Projectile        Hex/Tloc       16%        N/A       24%         3
 Cause Fear               Hex            7%         N/A       36%         4
 Leda's Liquefaction      Hex/Erth       4%         N/A       63%         4


Dungeon Overview and Level Annotations

Branches:
Dungeon (3/15)

Altars:
Lugonu

Shops:
D:2 =

Annotations:
D:3 Grinder, Natasha


Innate Abilities, Weirdness & Mutations

You are very small and have problems with some larger weapons.
You are too small for most types of armour.
You have supernaturally acute eyesight. (SInv)
You cover ground extremely quickly. (Speed+++)


Message History

The rat misses you.
Casting: Corona (safe; 3% risk of failure)
Confirm with . or Enter, or press ? or * to list all spells.
Aiming: Corona (safe; 3% risk of failure)
Press: ? - help, Shift-Dir - straight line, f - rat
Aim: a rat (chance to affect: 69%)
The rat is outlined in light.
Grinder says, "You look like you could use a good racking."
The rat barely misses you.
You shoot a stone. The stone barely misses the rat.
The rat closely misses you.
You shoot a stone. The stone hits the rat.
You kill the rat!
Lugonu accepts your kill.
Fire: 74 stones
Press: ? - help, Q - select action, (/) - cycle Shift-Dir - straight line, f - jackal
Aim: a jackal (51% to hit)
You shoot a stone. The stone hits the jackal.
The jackal is almost dead.
The jackal completely misses you.
The jackal bites you but does no damage.
You shoot a stone. The stone hits the jackal.
You kill the jackal!
Lugonu accepts your kill. The adder completely misses you.
Casting: Corona (safe; 3% risk of failure)
Confirm with . or Enter, or press ? or * to list all spells.
Okay, then.
Space bends around you!
You blink.
Grinder completely misses you. Grinder gestures at you.
You suddenly lose the ability to move!
Grinder hits you but does no damage. Grinder hits you!
Ouch! That really hurt!
* * * LOW HITPOINT WARNING * * *
You writhe in agony.
* * * LOW HITPOINT WARNING * * *
The ball python bites you.
* * * LOW HITPOINT WARNING * * *
The ball python grabs you. The ball python constricts you. Grinder hits you.
You die...

♣### ♣§.# ♣#(# #S#
#l# #.#
###S#########
#..l5@.......
#..#lS#######
...#...#..###
.$#...#...#..### #
#..)#...#...#..##?#
..#...#...#...#....
#...#...#...#...#
..#...#...#...#....
.#...#..S#..h#...#..


You could see Grinder, an adder, a ball python and 2 frilled lizards.

Vanquished Creatures
  4 adders
  A worm (D:2)
  6 endoplasms
  3 giant cockroaches
  A goblin (D:1)
  13 hobgoblins
  5 jackals
  2 kobolds
  2 quokkas
  2 ball pythons (D:2)
  A bat (D:1)
  2 frilled lizards
  5 rats
47 creatures vanquished.

Notes
Turn   | Place    | Note
-------+----------+-------------------------------------------
     0 | D:1      | wakim the Spriggan Arcane Marksman began the quest for the
                  | Orb.
     0 | D:1      | Reached XP level 1. HP: 9/9 MP: 3/3
    55 | D:1      | Found a faded altar of an unknown god.
    68 | D:1      | Became a worshipper of Lugonu the Unformed
    68 | D:1      | Reached * piety under Lugonu
    68 | D:1      | Reached ** piety under Lugonu
   179 | D:1      | Reached skill level 1 in Fighting
   213 | D:1      | Reached skill level 1 in Stealth
   213 | D:1      | Reached XP level 2. HP: 5/14 MP: 5/5
   642 | D:1      | Reached skill level 3 in Bows
  1192 | D:2      | Reached XP level 3. HP: 9/18 MP: 2/6
  2233 | D:2      | Reached XP level 4. HP: 21/22 MP: 4/7
  2351 | D:2      | Found Rizas's Jewellery Emporium.
  3185 | D:3      | Noticed Grinder
  3191 | D:3      | Noticed Natasha
  3234 | D:3      | Reached skill level 4 in Bows
  3245 | D:3      | Paralysed by Grinder for 5 turns
  3249 | D:3      | HP: 1/22 [ball python (2)]
  3249 | D:3      | Slain by Grinder

Illustrated notes

Levels and vault maps discovered:
D:1:      heliophobic_arrival_henge, layout_rooms, basic_ecumenical_altar
D:2:      layout_basic, serial_shops, nicolae_shop_trees
D:3:      layout_loops_ring, led_xom_imps, zin_purify,
          nicolae_yredelemnul_corpse_copse, amcnicky_altar_gilded,
          amcnicky_mini_pool_small, hex_large, minivault_4, uniq_robin,
          uniq_terence, uniq_natasha, uniq_grinder, uniq_sigmund

Skill      XL: |  1  2  3  4 |
---------------+-------------+-----
Fighting       | 1 |  1.6
Stealth        | 1 2 |  2.6
Dodging        | 3 |  3.6
Bows           | 3 4 |  4.0
Spellcasting   | |  1.3
Hexes          | |  3.6

Action                   |  1- 3 |  4- 6 || total
-------------------------+-------+-------++-------
Melee: Unarmed           |    23 |       ||    23
 Fire: Shortbow          |    72 |    16 ||    88
       Hunting sling     |    52 |    37 ||    89
 Cast: Corona            |    32 |    12 ||    44
Invok: Bend Space        |     2 |     1 ||     3
  Use: Scroll            |     1 |     2 ||     3
Armor: Robe              |     9 |     5 ||    14
Dodge: Dodged            |    56 |    39 ||    95

Table legend: (Time is in decaauts)
 A = Elapsed time spent in this place.
 B = Non-inter-level travel time spent in this place.
 C = Inter-level travel time spent in this place.
 D = Time resting spent in this place.
 E = Time spent auto-exploring this place.
 F = Levels seen in this place.
 G = Mean time per level.
                   A        B        C        D        E       F      G
               +--------+--------+--------+--------+--------+-----+--------+
         Total |   2695 |   2640 |     55 |      7 |   1861 |   3 |  898.3 |
       Dungeon |   2695 |   2640 |     55 |      7 |   1861 |   3 |  898.3 |
               +--------+--------+--------+--------+--------+-----+--------+

Top non-repeatable levels by time:
     D:1: 1663 daAuts
     D:2: 981 daAuts
     D:3: 50 daAuts
